 Dungeon Crawl Stone Soup version 0.29-a0-344-ge2f44be95a (webtiles) character file.

Game seed: 4203017385155494137

562 Shayle the Sneak (level 7, -2/44 HPs)
             Began as a Tengu Brigand on Apr 21, 2022.
             Slain by Sigmund
             ... wielding a +0 scythe
              (7 damage)
             ... on level 5 of the Dungeon.
             The game lasted 00:12:29 (4685 turns).

Shayle the Sneak (Tengu Brigand)                    Turns: 4685, Time: 00:12:30

Health: -2/44      AC:  7    Str: 11    XL:     7   Next: 32%
Magic:  8/8        EV: 29    Int: 14    God:
Gold:   212        SH:  0    Dex: 15    Spells: 3/6 levels left

rFire   . . .      SeeInvis .   u - +1 trident (venom)
rCold   + . .      Faith    .   (no shield)
rNeg    . . .      Spirit   .   v - +0 ring mail
rPois   .          Reflect  .   (helmet restricted)
rElec   .          Harm     .   c - +0 cloak
rCorr   .          Rampage  .   h - +0 pair of gloves
Will    .....                   (boots unavailable)
Stlth   +++.......              n - amulet of the acrobat
HPRegen 0.14/turn               o - ring of protection from cold
MPRegen 0.11/turn               (no ring)

@: acrobatic, flying quickly and evasively, quick
A: beak, talons 3, nimble flight
a: no special abilities


You were on level 5 of the Dungeon.
You visited 1 branch of the dungeon, and saw 5 of its levels.

You collected 212 gold pieces.

Inventory:

Hand Weapons
 q - a +2 dagger of venom
 u - a +1 trident of venom (weapon)
Missiles
 d - 13 poisoned darts (quivered)
Armour
 b - a +0 robe
 c - a +0 cloak (worn)
 h - a +0 pair of gloves (worn)
 v - a +0 ring mail (worn)
Jewellery
 n - an amulet of the acrobat (around neck)
 o - a ring of protection from cold (left hand)
 p - an amulet of magic regeneration
Scrolls
 a - a scroll of torment
 g - 2 scrolls of teleportation
 i - 2 scrolls of immolation
 m - a scroll of summoning
 s - a scroll of amnesia
Potions
 f - 2 potions of mutation {unknown}
 k - a potion of curing
 l - a potion of cancellation {unknown}
 r - a potion of magic {unknown}
 t - a potion of brilliance {unknown}
 w - a potion of lignification {unknown}


   Skills:
 + Level 4.7 Fighting
 - Level 2.1 Short Blades
 - Level 2.0 Throwing
 + Level 4.8 Dodging
 + Level 6.2 Stealth


You had 3 spell levels left.
You knew the following spells:

 Your Spells              Type           Power      Damage    Failure   Level
a - Mephitic Cloud        Conj/Pois/Air  0%         N/A       91%         3

Your spell library contained the following spells:

 Spells                   Type           Power      Damage    Failure   Level
 Corpse Rot               Necr/Air       0%         N/A       71%         2
 Poisonous Vapours        Pois/Air       0%         N/A       71%         2
 Conjure Flame            Conj/Fire      0%         6-21      91%         3
 Ignite Poison            Fire/Tmut/Pois 0%         N/A       91%         3
 Sticky Flame             Conj/Fire      0%         2d3       100%        4
 Freezing Cloud           Conj/Ice/Air   0%         6-21      100%        5


Dungeon Overview and Level Annotations

Branches:
Dungeon (5/15)
 Temple: D:4-7

Altars:
Xom

Annotations:
D:5 Sigmund


Innate Abilities, Weirdness & Mutations

You have a beak for a mouth.
You have claws for feet.
Your magical nature lets you fly swiftly and evasively.


Message History

You throw a curare-tipped dart. The curare-tipped dart hits Sigmund.
Sigmund is poisoned.
Sigmund convulses.
Sigmund seems to slow down.
Sigmund is lightly wounded.
Sigmund gestures at you while chanting.
You are confused.
Sigmund gestures at you while chanting. You resist with some effort.
You feel less confused.
Throw: dart (curare)
Press: ? - help, Q - select action, (/) - cycle Shift-Dir - straight line, f/p - Sigmund
Aim: Sigmund, wielding a +0 scythe and wearing a +2 robe of fire resistance (moderately wounded, poisoned, slow, 58% to hit)
You throw a curare-tipped dart.
The curare-tipped dart barely misses Sigmund.
Sigmund casts a spell.
Sigmund flickers and vanishes!
Deactivating autopickup; reactivate with Ctrl-A.
You closely miss something. Something hits you!
You miss something. You barely miss something. You claw something.
You hear some strange, mumbled words.
A puff of flame appears from out of thin air!
The puff of flame hits you!
You closely miss something. Your kick misses something. You peck something.
Something hits you!
* * * LOW HITPOINT WARNING * * *
You hit something. Your kick misses something. Your peck misses something.
Something hits you but does no damage.
You barely miss something. You peck something. Something hits you.
* * * LOW HITPOINT WARNING * * *
You feel better.
You closely miss something. Your kick misses something. You peck something.
Something hits you.
* * * LOW HITPOINT WARNING * * *
You puncture something! You claw something. Something hits you.
* * * LOW HITPOINT WARNING * * *
You miss something. Your kick misses something. Something hits you.
* * * LOW HITPOINT WARNING * * *
Something hits you!
You die...

#...............#
#.$.....##
#.........P####.#
#.......##
#.##+#..PP.#(.#.#
#$......## #
#.#.#####..#.#
#.......## #...#
..#.# #.......##
###.#
##.#.#####.......##
#.#
##.{#.............##
##.#.
#)..#..#########'###
#..#..##.@#..#
#..... ######
#..#......#..#
#..... .....#
#..#..#......#
#..... .....# #..#.
#......# ###'##
.....# #..# #...#.##
#..# .....# #..#
#...#.# ##.#
.....###..# #...#.#
.. ..........#
#...#.# .#
......##..# ....#.#
..#


There were no monsters in sight!

Vanquished Creatures
  A phantom (D:5)
  3 scorpions
  3 hounds
  2 orc wizards
  Natasha (D:4)
  5 adders
  2 white imps (D:5)
  A worm (D:3)
  2 dart slugs
  14 orcs
  3 endoplasms
  3 giant cockroaches (D:2)
  9 goblins
  2 hobgoblins
  6 jackals
  3 quokkas (D:2)
  A ball python (D:4)
  6 bats
  4 frilled lizards
  5 kobolds
  4 rats
80 creatures vanquished.

Notes
Turn   | Place    | Note
-------+----------+-------------------------------------------
     0 | D:1      | Shayle the Tengu Brigand began the quest for the Orb.
     0 | D:1      | Reached XP level 1. HP: 12/12 MP: 2/2
   507 | D:1      | Reached XP level 2. HP: 14/17 MP: 3/3
  1194 | D:2      | Reached XP level 3. HP: 22/22 MP: 4/4
  1677 | D:2      | Found a faded altar of an unknown god.
  1970 | D:3      | Reached XP level 4. HP: 10/28 MP: 5/5
  2852 | D:3      | Found a shimmering altar of Xom.
  3298 | D:4      | Gained mutation: Your magical nature lets you fly swiftly
                  | and evasively. [Tengu growth]
  3298 | D:4      | Reached XP level 5. HP: 32/32 MP: 6/6
  3343 | D:4      | Reached skill level 5 in Stealth
  3465 | D:4      | Reached XP level 6. HP: 35/38 MP: 7/7
  3661 | D:4      | Noticed Natasha
  3835 | D:4      | Killed Natasha
  3886 | D:4      | Learned a level 3 spell: Mephitic Cloud
  4009 | D:5      | Entered Level 5 of the Dungeon
  4265 | D:5      | Reached XP level 7. HP: 13/44 MP: 8/8
  4319 | D:5      | Reached skill level 6 in Stealth
  4663 | D:5      | Noticed Sigmund
  4685 | D:5      | Slain by Sigmund

Illustrated notes

Levels and vault maps discovered:
D:1:      dpeg_arrival_windows_large_door, layout_basic
D:2:      layout_loops_corners, shapermc_ecumenical_altar_venn,
          minmay_misc_feat_rugged, minmay_pentomino_v2
D:3:      layout_loops_corners, nicolae_overflow_hidden_temple
D:4:      layout_loops_ring, uniq_natasha
D:5:      layout_basic, enter_ossuary_1, grunt_ministairs_7,
          sigmund_edmund_badplayer

Skill      XL: |  1  2  3  4  5  6  7 |
---------------+----------------------+-----
Dodging        | 2 3 4 |  4.8
Fighting       | 3 4 |  4.7
Stealth        | 5 6 |  6.2
Short Blades   | |  2.1
Throwing       | |  2.0

Action                   |  1- 3 |  4- 6 |  7- 9 || total
-------------------------+-------+-------+-------++-------
Melee: Dagger            |    64 |    57 |       ||   121
       Kick              |    13 |    28 |     8 ||    49
       Punch             |     1 |     1 |       ||     2
       Peck              |     3 |    11 |    10 ||    24
       Trident           |       |    46 |    30 ||    76
Throw: Dart              |     3 |     2 |     2 ||     7
  Use: Potion            |       |     1 |     1 ||     2
       Scroll            |       |       |     5 ||     5
 Stab: Sleeping          |     6 |     8 |       ||    14
       Distracted        |       |       |     1 ||     1
Armor: Robe              |    11 |    12 |       ||    23
       Ring mail         |       |    10 |     7 ||    17
Dodge: Dodged            |    31 |    90 |    13 ||   134

Table legend: (Time is in decaauts)
 A = Elapsed time spent in this place.
 B = Non-inter-level travel time spent in this place.
 C = Inter-level travel time spent in this place.
 D = Time resting spent in this place.
 E = Time spent auto-exploring this place.
 F = Levels seen in this place.
 G = Mean time per level.
                   A        B        C        D        E       F      G
               +--------+--------+--------+--------+--------+-----+--------+
         Total |   4592 |   4409 |    183 |    414 |   2829 |   5 |  918.4 |
       Dungeon |   4592 |   4409 |    183 |    414 |   2829 |   5 |  918.4 |
               +--------+--------+--------+--------+--------+-----+--------+

Top non-repeatable levels by time:
     D:3: 1375 daAuts
     D:2: 1022 daAuts
     D:1: 859 daAuts
     D:4: 696 daAuts
     D:5: 639 daAuts
